 Dungeon Crawl Stone Soup version 0.31-a0-569-g7ea453304b (webtiles) character file.

Game seed: 13368871623275994704

5392 Ethylacetat the Mimic (level 10, 0/71 HPs)
             Began as an Octopode Gladiator on Aug 18, 2023.
             Was an Initiate of Gozag.
             Slain by a sun demon (24 damage)
             ... summoned by a kobold demonologist
             ... on level 9 of the Dungeon.
             The game lasted 00:16:11 (8560 turns).

Ethylacetat the Mimic (Octopode Gladiator)          Turns: 8560, Time: 00:16:11

Health: 0/71       AC:  1    Str: 14    XL:     10   Next: 66%
Magic:  10/10      EV: 17    Int: 10    God:    Gozag
Gold:   441        SH:  0    Dex: 18    Spells: 9/9 levels left

rFire   . .          .
                       - Unarmed
rCold   . . .        (shield currently unavailable)
rNeg    . . .        a - +0 hat
rPois   .            C - amulet of regeneration
rElec   .            (no ring)
rCorr   .            (no ring)
SInv    .            (no ring)
Will    .....        (no ring)
Stlth   +            (no ring)
HPRegen 1.11/turn    (no ring)
MPRegen 0.12/turn    (no ring)
                     (no ring)

%: no passive effects
@: flux-form, glowing
A: glow, contaminating, almost no armour, amphibious, 8 rings, camouflage 1,
gelatinous body 1, (nimble swimmer 1), tentacles
a: Begin Untransformation, Renounce Religion, Potion Petition, Call Merchant,
Bribe Branch


You were on level 9 of the Dungeon.
You worshipped Gozag.
Gozag was aware of your devotion.
You were something dangerously unstable.
You visited 2 branches of the dungeon, and saw 10 of its levels.
You also visited: Ossuary.

You collected 645 gold pieces.
You spent 104 gold pieces at shops.
You paid 100 gold pieces to Gozag.

Inventory:

Missiles
 b - 6 throwing nets (quivered)
 d - a javelin
Armour
 a - a +0 hat (worn)
Jewellery
 C - an amulet of regeneration (around mantle)
Talismans
 e - a dragon-blood talisman
 l - a flux talisman (active)
Wands
 u - a wand of flame (20)
Scrolls
 h - 7 scrolls of identify
 i - 2 scrolls of teleportation
 j - 4 scrolls of silence {unknown}
 m - a scroll of immolation {unknown}
 o - 2 scrolls of blinking
 q - a scroll of fog {unknown}
 s - 2 scrolls of noise {unknown}
 t - a scroll of poison {unknown}
 v - a scroll of brand weapon {unknown}
 y - a scroll of enchant weapon {unknown}
 D - a scroll of enchant armour {unknown}
Potions
 c - 5 potions of brilliance
 f - 2 potions of lignification
 g - 2 potions of enlightenment
 k - 3 potions of attraction
 n - 2 potions of degeneration {unknown}
 p - a potion of heal wounds {unknown}
 r - a potion of might
 w - 2 potions of invisibility {unknown}
 x - 5 potions of curing
 z - 2 potions of haste
 A - a potion of resistance {unknown}
 B - 2 potions of berserk rage {unknown}
 E - a potion of mutation {unknown}


   Skills:
 + Level 7.2 Fighting
 - Level 2.0 Throwing
 + Level 7.6 Dodging
 + Level 7.6 Unarmed Combat
 * Level 8.2 Shapeshifting


You had 9 spell levels left.
You didn't know any spells.
Your spell library contained the following spells:

 Spells                   Type           Power      Damage    Failure   Level
 Apportation              Tloc           0%         N/A       36%         1
 Static Discharge         Conj/Air       0%         2-2/arc   50%         2
 Sublimation of Blood     Necr           0%         N/A       50%         2
 Call Canine Familiar     Summ           0%         N/A       75%         3
 Portal Projectile        Hex/Tloc       0%         N/A       75%         3
 Tukima's Dance           Hex            0%         N/A       75%         3
 Airstrike                Air            0%         2d(0-16)  98%         4
 Iskenderun's Mystic Bla  Conj/Tloc      0%         2d3       98%         4
 Leda's Liquefaction      Hex/Erth       0%         N/A       98%         4
 Petrify                  Tmut/Erth      0%         N/A       98%         4
 Summon Lightning Spire   Summ/Air       0%         N/A       98%         4
 Alistair's Intoxication  Tmut/Pois      0%         N/A       100%        5
 Irradiate                Conj/Tmut      0%         3d11      100%        5
 Lee's Rapid Deconstruct  Erth           0%         3d4*      100%        5
 Leda's Unmaking          Conj/Erth      0%         9d1       100%        6
 Malign Gateway           Summ/Tloc      0%         N/A       100%        7
 Summon Horrible Things   Summ           0%         N/A       100%        8


Dungeon Overview and Level Annotations

Branches:
Dungeon (9/15)             Temple (1/1) D:7         Ossuary (visited)
   Lair: D:8-11         Orc: D:9-12

Altars:
Ashenzari
Cheibriados
Dithmenos
Elyvilon
Fedhas
Gozag
Hepliaklqana
Kikubaaqudgha
Makhleb
Nemelex Xobeh
Qazlal
Sif Muna
Trog
Uskayaw
Vehumet
Xom
Yredelemnul
The Shining One

Shops:
D:5 !   D:7 ?

Annotations:
D:6 1 runed translucent door


Innate Abilities, Weirdness & Mutations

You are something dangerously unstable.
You glow with magical radiation, making you easy to see and hit.
Foes you strike become dangerously contaminated with magical radiation.
You are incapable of wielding weapons or throwing items.
You cannot wear most types of armour.
You are amphibious.
You can wear up to eight rings at the same time.
Your skin changes colour to match your surroundings (Stealth+).
Your rubbery body absorbs attacks. (AC +1, EV +1)
((You are camouflaged when in or above water. (Stealth+)))
You have tentacles for arms and can constrict up to eight enemies at once.


Message History

The kobold demonologist closely misses you.
You closely miss the kobold demonologist.
Your grab misses the kobold demonologist.
The centaur shoots an arrow.
The arrow closely misses you.
The kobold demonologist hits you with a +0 dagger.
You tentacle-slap the kobold demonologist but do no damage.
The kobold demonologist begins to glow.
Your grab misses the kobold demonologist.
The kobold demonologist mumbles some strange words.
The centaur shoots an arrow.
The arrow barely misses you.
You tentacle-slap the kobold demonologist.
The kobold demonologist glows dangerously bright.
You grab the kobold demonologist. You squeeze the kobold demonologist.
The kobold demonologist is lightly wounded.
You constrict the kobold demonologist.
The centaur shoots an arrow.
The arrow barely misses you.
The kobold demonologist closely misses you.
You tentacle-slap the kobold demonologist.
The kobold demonologist shudders as magic cascades through it!!
The kobold demonologist twists and deforms.
The kobold demonologist is severely wounded.
You constrict the kobold demonologist, but do no damage.
The centaur shoots an arrow.
The arrow barely misses you.
The kobold demonologist barely misses you.
The sun demon hits you!!
You are engulfed in flames!!
You tentacle-slap the kobold demonologist but do no damage.
The kobold demonologist begins to glow.
The kobold demonologist is severely wounded.
You constrict the kobold demonologist.
The centaur shoots an arrow.
The arrow misses you. The sun demon misses you.
You tentacle-slap the kobold demonologist.
The kobold demonologist glows dangerously bright.
The kobold demonologist is almost dead.
You constrict the kobold demonologist.
The centaur shoots an arrow.
The arrow closely misses you.
The kobold demonologist hits you with a +0 dagger.
The centaur shoots an arrow.
The arrow completely misses you. The sun demon hits you!!
You die...
Your body crumbles into a pile of gold.

#..### #.## #..........#
###.###### #..........#
#........# #..........#
##........# #..........#
......).).###.....c....#
.#..........+..........#
.#........###..K3......#
#........# #...B......#
#######.## #..........#
#..# #..........# #.##
######'##### #.# #..#
#.# #.## #####'#### #.#
#....<...######.#####
#........'.##.......#


You could see a sun demon (summoned), a kobold demonologist (heavy contam,
misshapen) and a centaur.

Vanquished Creatures
  Jeremiah (D:7)
  Grinder (D:5)
  Eustachio (D:5)
  3 water moccasins
  An orc warrior (D:8)
  4 sky beasts
  2 black bears
  3 ice beasts
  An ogre (D:7)
  The ghost of AdnanSaban the Shield-Bearer, an amateur GrFi (D:6)
  3 phantoms
  3 kobold brigands
  Blork the orc (D:5)
  5 bullfrogs
  2 gnoll sergeants
  6 scorpions
  4 water moccasin zombies (Ossuary)
  10 wights
  8 killer bees (D:7)
  5 howler monkeys
  A centaur zombie (D:4)
  5 hounds
  2 orc priests (D:8)
  An iron imp (D:7)
  A sleepcap (D:5)
  Terence (D:2)
  5 iguanas
  2 mummies (Ossuary)
  11 gnolls
  10 adders
  A shadow imp (D:6)
  A white imp (D:8)
  An ufetubus (D:4)
  4 adder zombies
  2 worms
  A dart slug (D:3)
  18 orcs
  7 endoplasms
  7 giant cockroaches
  3 gnoll zombies (Ossuary)
  5 goblins
  6 hobgoblins
  A quokka (D:5)
  2 ball pythons
  8 bats
  4 frilled lizards
  A goblin skeleton (D:7)
  2 goblin zombies (D:7)
  8 hobgoblin zombies
  15 kobolds
  5 kobold zombies
  An orc skeleton (D:7)
  9 orc zombies
  7 rats
223 creatures vanquished.

Notes
Turn   | Place    | Note
-------+----------+-------------------------------------------
     0 | D:1      | Ethylacetat the Octopode Gladiator began the quest for the
                  | Orb.
     0 | D:1      | Reached XP level 1. HP: 14/14 MP: 1/1
   119 | D:1      | Reached XP level 2. HP: 19/19 MP: 2/2
   902 | D:2      | Noticed Terence
   913 | D:2      | Killed Terence
   914 | D:2      | Reached skill level 1 in Shapeshifting
   914 | D:2      | Reached XP level 3. HP: 25/25 MP: 3/3
  1098 | D:2      | Reached XP level 4. HP: 28/30 MP: 4/4
  1760 | D:3      | Found a faded altar of an unknown god.
  1851 | D:3      | Reached skill level 2 in Shapeshifting
  2073 | D:3      | HP: 1/45 [hound (3)]
  2078 | D:3      | Reached XP level 5. HP: 3/36 MP: 5/5
  2447 | D:3      | Noticed a phantom
  2460 | D:3      | Killed a phantom
  2461 | D:3      | Reached XP level 6. HP: 16/42 MP: 6/6
  2648 | D:4      | Found a sparkling altar of Nemelex Xobeh.
  2702 | D:4      | Found a shimmering blue altar of Sif Muna.
  2702 | D:4      | Found a blossoming altar of Fedhas.
  2723 | D:4      | Reached skill level 3 in Shapeshifting
  2973 | D:4      | Reached XP level 7. HP: 29/47 MP: 7/7
  2999 | D:4      | Found a basalt altar of Yredelemnul.
  3514 | D:5      | Entered Level 5 of the Dungeon
  3619 | D:5      | Reached skill level 4 in Shapeshifting
  3624 | D:5      | Noticed Grinder
  3763 | D:5      | Killed Grinder
  3764 | D:5      | Reached skill level 5 in Dodging
  3764 | D:5      | Reached skill level 5 in Unarmed Combat
  3764 | D:5      | Reached XP level 8. HP: 25/54 MP: 8/8
  4008 | D:5      | Noticed Eustachio
  4015 | D:5      | Killed Eustachio
  4016 | D:5      | Reached skill level 5 in Shapeshifting
  4257 | D:5      | Found Vazoghosu's Distillery.
  4506 | D:5      | Reached skill level 5 in Fighting
  4679 | D:5      | Noticed Blork the orc
  4686 | D:5      | Killed Blork the orc
  4780 | D:6      | Found a sand-covered staircase.
  4800 | D:6      | Reached XP level 9. HP: 51/61 MP: 9/9
  4906 | Ossuary  | Entered an ossuary
  5003 | Ossuary  | Reached skill level 6 in Shapeshifting
  5524 | D:6      | Found a runed translucent door.
  5548 | D:6      | Found a runed translucent door.
  5549 | D:6      | Noticed AdnanSaban's ghost (amateur GrFi)
  5573 | D:6      | Killed AdnanSaban's ghost
  6977 | D:7      | Reached skill level 7 in Shapeshifting
  7057 | D:7      | Reached XP level 10. HP: 69/69 MP: 10/10
  7074 | D:7      | Noticed Jeremiah
  7091 | D:7      | Killed Jeremiah
  7131 | D:7      | Found a glowing golden altar of the Shining One.
  7449 | D:7      | Found Ymetyuwy's Magic Scroll Emporium.
  7452 | D:7      | Bought a scroll of blinking for 82 gold pieces
  7452 | D:7      | Bought a scroll of identify for 22 gold pieces
  7529 | D:7      | Found a staircase to the Ecumenical Temple.
  7537 | Temple   | Entered the Ecumenical Temple
  7556 | Temple   | Became a worshipper of Gozag Ym Sagoz the Greedy
  7968 | D:8      | Reached skill level 8 in Shapeshifting
  8551 | D:9      | Noticed a kobold demonologist
  8557 | D:9      | Noticed a sun demon
  8560 | D:9      | Slain by a sun demon

Illustrated notes

Levels and vault maps discovered:
D:1:      amcnicky_arrival_gap_in_the_tavern_cellar, layout_basic
D:2:      layout_loops_cross, minmay_crystal_water, minmay_misc_feat_hallway,
          uniq_terence
D:3:      layout_loops_cross, hellmonk_ecumenical_altar_heavens_door,
          cheibrodos_gnoll_hut
D:4:      layout_basic, grunt_temple_overflow_open,
          lemuel_zombie_altar_yredelemnul, kennysheep_pointless_box
D:5:      layout_gridville, serial_shops, nicolae_square_shop,
          kennysheep_flooded_box, kennysheep_boxes, uniq_grinder,
          uniq_eustachio, uniq_blork_the_orc
D:6:      layout_gridville, enter_ossuary_5, ebering_ghost_sewer_f
D:7:      layout_basic, nicolae_tso_besieged_by_evil,
          minmay_temple_entry_glassed_door, serial_shops,
          nicolae_shop_rolled_up, uniq_jeremiah
D:8:      layout_rooms, due_unseen_surprise
D:9:      layout_roguey, mainiacjoe_overflow_concentric_impassable,
          grunt_lair_entry_orc_guard_hut, hex_intersection, uniq_maurice
Temple:   nicolae_temple_god_jail

Skill      XL: |  1  2  3  4  5  6  7  8  9 10 |
---------------+-------------------------------+-----
Shapeshifting  | 1 2 3 4 5 7 8 |  8.2
Fighting       | 3 4 5 6 7 |  7.2
Dodging        | 4 5 6 7 |  7.6
Unarmed Combat | 4 5 6 7 |  7.6
Throwing       | |  2.0

Action                     |  1- 3 |  4- 6 |  7- 9 | 10-12 || total
---------------------------+-------+-------+-------+-------++-------
  Melee: Unarmed           |    60 |   106 |   318 |   165 ||   649
         Constrict         |    11 |    24 |    86 |    52 ||   173
         Tentacles         |     7 |    31 |    97 |    45 ||   180
         Punch             |     2 |     1 |     1 |       ||     4
  Throw: Javelin           |       |     1 |       |       ||     1
    Use: Potion            |       |     6 |     3 |     1 ||    10
         Scroll            |       |       |       |     1 ||     1
   Stab: Sleeping          |     8 |     6 |       |     1 ||    15
         Distracted        |       |     1 |       |     3 ||     4
 Armour: Skin              |     1 |    34 |    29 |     3 ||    67
  Dodge: Dodged            |    33 |    59 |   206 |   112 ||   410
   Form: Flux              |       |     1 |       |       ||     1

Table legend: (Time is in decaauts)
 A = Elapsed time spent in this place.
 B = Non-inter-level travel time spent in this place.
 C = Inter-level travel time spent in this place.
 D = Time resting spent in this place.
 E = Time spent auto-exploring this place.
 F = Levels seen in this place.
 G = Mean time per level.
                   A        B        C        D        E       F      G
               +--------+--------+--------+--------+--------+-----+--------+
         Total |   8472 |   8206 |    266 |    360 |   6417 |  11 |  770.2 |
       Dungeon |   8145 |   7913 |    232 |    360 |   6234 |   9 |  905.0 |
        Temple |     36 |      2 |     34 |      0 |      0 |   1 |   36.0 |
       Ossuary |    290 |    290 |      0 |      0 |    183 |   1 |  290.0 |
               +--------+--------+--------+--------+--------+-----+--------+

Top non-repeatable levels by time:
     D:6: 1800 daAuts
     D:5: 1241 daAuts
     D:4: 923 daAuts
     D:7: 922 daAuts
     D:1: 860 daAuts
     D:3: 857 daAuts
     D:2: 839 daAuts
     D:8: 569 daAuts
 Ossuary: 290 daAuts
     D:9: 130 daAuts
  Temple: 36 daAuts
